 Dungeon Crawl Stone Soup version 0.30.0-5-g1a98f26d00 (webtiles) character file.

Game seed: 4771654299660733832

18015 Adrian566 the Executioner (level 12, 0/104 (108) HPs)
             Began as a Hill Orc Fighter on May 12, 2023.
             Was a High Priest of Beogh.
             Slain by an orc knight
             ... wielding a +2 war axe of draining
              (24 damage)
             ... on level 1 of the Orcish Mines.
             The game lasted 00:15:44 (14976 turns).

Adrian566 the Executioner (Hill Orc Fighter)       Turns: 14976, Time: 00:15:45

HP:   0/104 (108)   AC: 20    Str: 24    XL:     12   Next: 54%
MP:   12/12         EV:  7    Int:  8    God:    Beogh [*****.]
Gold: 956           SH:  5    Dex: 10    Spells: 11/11 levels left

rFire   + . .        a - +1 war axe
rCold   . . .        c - +0 buckler
rNeg    . . .        i - +0 plate armour
rPois   .            (no helmet)
rElec   .            w - +2 cloak
rCorr   .            l - +0 pair of gloves
SInv    +            m - +0 pair of boots
Will    .....        (no amulet) Stlth
                     f - ring of protection from fire
HPRegen 0.37/turn    k - ring of see invisible
MPRegen 0.13/turn

%: no passive effects
@: mighty, studying Polearms, lightly drained
A: walk on water
a: Renounce Religion, Smiting, Recall Orcish Followers, Give Item to Named
Follower


You were on level 1 of the Orcish Mines.
You worshipped Beogh.
Beogh was extremely pleased with you.
You visited 2 branches of the dungeon, and saw 13 of its levels.
You also visited: Ossuary.

You collected 956 gold pieces.

Inventory:

Hand Weapons
 a - a +1 war axe (weapon)
Missiles
 e - a throwing net (quivered)
Armour
 c - a +0 buckler (worn)
 i - a +0 plate armour (worn)
 l - a +0 pair of gloves (worn)
 m - a +0 pair of boots (worn)
 w - a +2 cloak (worn)
Jewellery
 f - a ring of protection from fire (left hand)
 k - a ring of see invisible (right hand)
 H - a ring of positive energy
 K - a ring of poison resistance
Wands
 j - a wand of roots (5)
 p - a wand of flame (54)
 r - a wand of light (2)
 y - a wand of polymorph (1)
Scrolls
 d - 3 scrolls of teleportation
 g - a scroll of fear
 q - 2 scrolls of brand weapon {unknown}
 u - 8 scrolls of identify
 z - a scroll of enchant armour
 A - a scroll of blinking
 C - a scroll of fog
 D - a scroll of enchant weapon
 E - a scroll of torment {unknown}
 J - a scroll of magic mapping
Potions
 h - 2 potions of curing
 n - 2 potions of resistance
 o - 2 potions of ambrosia
 t - a potion of degeneration
 v - a potion of attraction
 x - 4 potions of lignification
 B - 2 potions of mutation {unknown}
 F - a potion of invisibility {unknown}
 I - a potion of flight {unknown}
 L - a potion of brilliance {unknown}


   Skills:
 + Level 10.8 Fighting
 + Level 22.2 Axes
 + Level 9.7 Armour
 + Level 0.6 Dodging
 + Level 1.3 Stealth
 + Level 5.4 Shields
 + Level 1.0 Unarmed Combat


You had 11 spell levels left.
You didn't know any spells.
Your spell library contained the following spells:

 Spells                   Type           Power      Damage    Failure   Level
 Foxfire                  Conj/Fire      0%         2x1d4     99%         1
 Necrotise                Necr           0%         1d4       99%         1
 Shock                    Conj/Air       0%         1d3       99%         1
 Slow                     Hex            0%         N/A       99%         1
 Cigotuvi's Dreadful Rot  Necr/Pois/Air  0%         N/A       100%        2
 Confusing Touch          Hex            0%         N/A       100%        3
 Ozocubu's Armour         Ice            0%         N/A       100%        3
 Swiftness                Air            0%         N/A       100%        3
 Vampiric Draining        Necr           0%         2d6       100%        3
 Airstrike                Air            0%         2d(0-16)  100%        4
 Dispel Undead            Necr           0%         3d6       100%        4
 Agony                    Necr           0%         N/A       100%        5
 Fireball                 Conj/Fire      0%         3d3       100%        5
 Metabolic Englaciation   Hex/Ice        0%         N/A       100%        5
 Death Channel            Necr           0%         N/A       100%        6
 Plasma Beam              Fire/Air       0%         2x1d11    100%        6
 Simulacrum               Ice/Necr       0%         N/A       100%        6
 Starburst                Conj/Fire      0%         6d3       100%        6


Dungeon Overview and Level Annotations

Branches:
Dungeon (12/15)            Temple (0/1) D:4            Lair (0/5) D:11
    Orc (1/2) D:12        Ossuary (visited)

Altars:
Dithmenos
Elyvilon
Gozag
Makhleb
Nemelex Xobeh
Ru
Vehumet
Yredelemnul
The Shining One

Shops:
Orc:1 ?


Message History

You slash the orc knight!
The orc knight is heavily wounded.
You miss the sixfirhy. You hit the orc warrior.
The orc warrior no longer looks unusually strong.
The sixfirhy closely misses you. The sixfirhy completely misses you.
The orc hits Brandogh but does no damage.
Your orc priest hits the sixfirhy with a +1 mace of draining!
The sixfirhy dies!
The sixfirhy disappears in a puff of smoke!
Okrist hits the orc knight but does no damage.
Okrist hits the ogre with a +1 war axe.
Okrist hits the orc warrior with a +1 war axe.
Okrist hits the orc warlord but does no damage.
Okrist hits the orc warrior with a +1 war axe.
The ogre hits Okrist with a +0 giant club!!
Your orc warrior hits the hellwing with a +0 scimitar!
The orc warrior barely misses Okrist.
The gnoll barely misses you.
The orc warlord roars a battlecry!
The orc warrior goes into a battle-frenzy!
The orc warrior hits you but does no damage.
The orc sorcerer hits your orc priest with a +0 dagger.
The orc knight hits you with a +2 war axe of draining!
* * * LOW HITPOINT WARNING * * *
You feel drained.
* * * LOW HITPOINT WARNING * * *
The orc knight hits Okrist with a +2 war axe of draining.
The orc knight closely misses your orc warrior.
Wulfoc hits the orc warrior but does no damage.
The ogre closely misses your orc priest.
The hellwing swoops through the air toward you!
The hellwing barely misses you. You block the hellwing's attack.
Brandogh closely misses the orc warrior.
The hellwing misses your orc warrior. The hellwing hits your orc warrior.
You closely miss the orc knight.
The orc knight is heavily wounded.
You hit the hellwing but do no damage. You slash the orc warrior!
The orc warrior no longer looks unusually strong. x2
The orc knight hits you with a +2 war axe of draining!!
You die...
Beogh appreciates the orc knight's killing of a heretic priest.

..........#
.............##
.#.............#
..............##
...............##
#..............##
#....o..........###
##..>Ooo4.#........##
#..$4oo@oo.#.#......#
..)$ooo)o.#####.#oo##


..ooOTgo.## ###...# # ..4.goo4.. ##oo##.. .)).o..g... #.o.... .......#....
##o##.# .).....#..... ##.o.... ......#.#.#... ##..o#... .. #.o..#..# You could
see an orc warlord (strong), an orc knight (strong, ally target), 2 hellwings, 2
rust devils, a troll, 2 orc sorcerers, 3 orc warriors, 2 ogres, 3 gnolls, 2
orcs, the friendly Okrist the orc knight, a friendly orc warrior (strong), the
friendly Brandogh the orc warrior (strong), 2 friendly orc priests, a friendly
orc wizard (strong), the friendly Wulfoc the orc wizard (strong, invisible) and
a friendly orc (strong).

Vanquished Creatures
  Lodul (D:12)
  An obsidian statue (D:10)
  Joseph (D:9)
  An unseen horror (D:12)
  4 trolls
  A hornet (D:8)
  A polar bear (D:11)
  Grinder (D:3)
  Prince Ribbit (D:8)
  Sigmund (D:4)
  2 shadows
  3 wraiths
  11 yaks
  A basilisk (D:12)
  A steam dragon (D:9)
  Menkaure (D:5)
  Edmund (D:5)
  An acid dragon (D:12)
  3 water moccasins
  Duvessa (D:4)
  2 orc warriors
  An ice beast (D:5)
  3 black bears
  A sky beast (D:7)
  6 ogres
  A wolf (D:11)
  4 centaurs
  2 phantoms
  3 bullfrogs
  2 kobold brigands (D:8)
  2 elf zombies (Ossuary)
  2 gnoll sergeants
  2 scorpions
  10 wights
  Dowan (D:4)
  27 killer bees
  6 howler monkeys
  Crazy Yiuf (D:3)
  3 human zombies (Ossuary)
  An orc priest (D:7)
  2 hounds (D:6)
  A gnoll bouda (D:6)
  Jessica (D:3)
  4 iguanas
  3 sleepcaps (D:6)
  7 orc wizards
  3 hound zombies (Ossuary)
  3 mummies (Ossuary)
  16 gnolls
  10 adders
  A river rat (D:4)
  2 shadow imps
  2 white imps (D:6)
  3 ufetubi
  5 adder zombies (Ossuary)
  2 worms (D:2)
  A dart slug (D:4)
  23 orcs
  6 bats
  4 endoplasms
  3 giant cockroaches
  A gnoll zombie (Ossuary)
  3 goblins
  9 hobgoblins
  A quokka (D:2)
  5 ball pythons
  4 frilled lizards
  A goblin zombie (Ossuary)
  2 hobgoblin zombies (Ossuary)
  4 jackal zombies (Ossuary)
  10 kobolds
  A kobold zombie (Ossuary)
  4 quokka zombies (Ossuary)
  12 rats
  4 rat zombies (Ossuary)
281 creatures vanquished.

Vanquished Creatures (collateral kills)
  Jorgrun (D:12)
  A two-headed ogre (D:12)
  A boulder beetle (D:12)
  2 slime creatures (D:12)
  2 cyclopes (D:12)
  Psyche (D:11)
  A rime drake (D:11)
  A wraith (D:11)
  7 yaks
  A warg (Orc:1)
  An acid dragon (D:12)
  3 orc warriors
  A wolf (D:11)
  4 ogres
  3 killer bees
  An orc priest (D:9)
  3 orc wizards (Orc:1)
  4 orcs
38 creatures vanquished.

Vanquished Creatures (others)
  An orc warrior (D:11)
  An orc sorcerer (Orc:1)
  2 orc priests
  2 orc wizards
  A gnoll (D:6)
  10 orcs
17 creatures vanquished.

Grand Total: 336 creatures vanquished

Notes
Turn   | Place    | Note
-------+----------+-------------------------------------------
     0 | D:1      | Adrian566 the Hill Orc Fighter began the quest for the Orb.
     0 | D:1      | Reached XP level 1. HP: 19/19 MP: 1/1
   257 | D:1      | Reached XP level 2. HP: 27/27 MP: 2/2
   773 | D:2      | Reached skill level 3 in Axes
   774 | D:2      | Reached XP level 3. HP: 33/33 MP: 3/3
  1075 | D:2      | Found a sparkling altar of Nemelex Xobeh.
  1101 | D:2      | You fall into a shaft and drop 2 floors!
  1103 | D:4      | Noticed Dowan
  1104 | D:4      | Noticed a black bear
  1104 | D:4      | Noticed Duvessa
  1197 | D:3      | Found a runed translucent door.
  1198 | D:3      | Noticed Crazy Yiuf
  1328 | D:3      | Found a burning altar of Makhleb.
  1360 | D:3      | Noticed Grinder
  1364 | D:3      | Paralysed by Grinder for 5 turns
  1658 | D:2      | Reached XP level 4. HP: 33/40 MP: 4/4
  1887 | D:3      | Noticed Jessica
  1887 | D:3      | Paralysed by Grinder for 4 turns
  1893 | D:3      | Killed Jessica
  1894 | D:3      | Reached skill level 4 in Axes
  1899 | D:3      | Killed Grinder
  1900 | D:3      | Reached skill level 6 in Axes
  1900 | D:3      | Reached XP level 5. HP: 30/47 MP: 5/5
  1900 | D:3      | Reached XP level 6. HP: 34/53 MP: 6/6
  2082 | D:3      | Found a faded altar of an unknown god.
  2257 | D:3      | Found an opulent altar of Gozag.
  2367 | D:3      | Found a shadowy altar of Dithmenos.
  2472 | D:3      | Killed Crazy Yiuf
  2473 | D:3      | Reached skill level 7 in Axes
  2601 | D:3      | Reached XP level 7. HP: 55/60 MP: 7/7
  2610 | D:3      | Reached skill level 17 in Axes
  2610 | D:3      | Reached XP level 8. HP: 65/67 MP: 8/8
  2611 | D:3      | Reached skill level 20 in Axes
  2611 | D:3      | Reached XP level 9. HP: 70/72 MP: 9/9
  2669 | D:4      | Killed Duvessa
  2673 | D:4      | Killed Dowan
  2769 | D:4      | Found a staircase to the Ecumenical Temple.
  2957 | D:4      | Noticed Sigmund
  2973 | D:4      | Killed Sigmund
  2974 | D:4      | Reached skill level 5 in Armour
  3036 | D:4      | Found a radiant altar of Vehumet.
  3280 | D:5      | Entered Level 5 of the Dungeon
  3338 | D:5      | Reached skill level 5 in Fighting
  3350 | D:5      | Noticed Menkaure
  3361 | D:5      | Killed Menkaure
  3715 | D:5      | Identified the staff of earth "Ynnat" {Str+4 Dex-2}
  3757 | D:5      | Reached skill level 21 in Axes
  3760 | D:5      | Reached XP level 10. HP: 53/81 MP: 10/10
  3856 | D:5      | Found a basalt altar of Yredelemnul.
  3862 | D:5      | Found a glowing golden altar of the Shining One.
  3864 | D:5      | Noticed an angel
  3918 | D:5      | Found a white marble altar of Elyvilon.
  4091 | D:6      | Noticed Edmund
  4335 | D:5      | Killed Edmund
  4442 | D:6      | Became a worshipper of Beogh the Brigand
  5176 | D:7      | Reached * piety under Beogh
  6279 | D:7      | Found a sacrificial altar of Ru.
  6502 | D:8      | Paralysed by a hornet for 3 turns
  6783 | D:8      | Found a sand-covered staircase.
  6793 | Ossuary  | Entered an ossuary
  6817 | Ossuary  | Reached ** piety under Beogh
  7165 | D:8      | Noticed Prince Ribbit
  7180 | D:8      | Killed Prince Ribbit
  7542 | D:8      | Reached XP level 11. HP: 92/92 MP: 11/11
  7567 | D:8      | Paralysed by a hornet for 1 turns
  8093 | D:8      | Reached *** piety under Beogh
  9048 | D:9      | Noticed Joseph
  9059 | D:9      | Killed Joseph
  9395 | D:9      | Reached skill level 5 in Shields
  9536 | D:9      | Identified the +11 dagger of Hospitality {drain, *Rage rN+
                  | Dex+3}
  9713 | D:10     | Entered Level 10 of the Dungeon
  9839 | D:10     | Noticed an obsidian statue
  9866 | D:10     | Killed an obsidian statue
 10354 | D:10     | Reached **** piety under Beogh
 11057 | D:11     | Gained Bogwik as an ally
 11334 | D:11     | Found a staircase to the Lair.
 11449 | D:11     | Noticed Psyche
 11450 | D:11     | Gained Wulfoc as an ally
 11456 | D:11     | Killed Psyche
 12894 | D:12     | Your ally Bogwik died
 12898 | D:12     | Killed a cyclops
 12917 | D:12     | Noticed Lodul
 12933 | D:12     | Killed Lodul
 12934 | D:12     | Reached XP level 12. HP: 105/105 MP: 12/12
 13090 | D:12     | Gained Brandogh as an ally
 13230 | D:12     | Reached skill level 10 in Fighting
 13325 | D:12     | Reached skill level 1 in Stealth
 13339 | D:12     | Noticed a boulder beetle
 13342 | D:12     | Noticed a two-headed ogre
 13342 | D:12     | Found a glowing golden altar of the Shining One.
 13351 | D:12     | Killed a boulder beetle
 13351 | D:12     | Killed a two-headed ogre
 13352 | D:12     | Reached skill level 22 in Axes
 13515 | D:12     | Noticed Jorgrun
 13529 | D:12     | Killed Jorgrun
 13530 | D:12     | Reached skill level 1 in Unarmed Combat
 13686 | D:12     | Identified the +5 halberd of the Fulmar {protect, *Noise
                  | Fly rCorr}
 13890 | D:12     | Gained Okrist as an ally
 13895 | D:12     | HP: 4/107 [very large slime creature (42)]
 13909 | D:12     | Reached ***** piety under Beogh
 14393 | D:12     | Found a staircase to the Orcish Mines.
 14860 | Orc:1    | Entered Level 1 of the Orcish Mines
 14955 | Orc:1    | Found Ofoxy's Magic Scroll Shoppe.
 14964 | Orc:1    | Noticed an orc warlord
 14976 | Orc:1    | Slain by an orc knight

Illustrated notes

Levels and vault maps discovered:
D:1:      elethiomel_arrival_maze, layout_rooms, due_unseen_surprise
D:2:      layout_basic, basic_altar, hangedman_decor_slide_cut,
          grunt_ministairs_13
D:3:      layout_rooms, mainiacjoe_overflow_tiny_flanked, grunt_gozag_statues,
          nicolae_dithmenos_through_a_glass_darkly, serial_aquarium,
          aquarium_bridge_straight [aquarium_subvault_bridge,
          aquarium_subvault_window, aquarium_subvault_bridge,
          aquarium_subvault_wall], aquarium_window_fake,
          aquarium_window_corridor_2, aquarium_view_4, aquarium_view_2c,
          aquarium_balcony_3a, shapermc_ecumenical_altar_mp_highgroup,
          uniq_jessica, uniq_crazy_yiuf_cottage, uniq_grinder
D:4:      layout_cave_pools, general_overflow_altar, temple_green,
          portal_sewer_entry_e, uniq_duvessa, uniq_sigmund
D:5:      layout_basic, grunt_temple_overflow_holy_war,
          nicolae_elyvilon_temple_path, kennysheep_generic_room_7, uniq_menkaure
D:6:      layout_basic, chequers_serial_rivers_micro_a, amethyst_killhole,
          hellmonk_no_cap, uniq_edmund
D:7:      layout_layer_cave, kennysheep_little_box, nicolae_eternal_life,
          eino_jars
D:8:      layout_basic, lightli_ossuary_entry_decrepit_ruins,
          serial_bayou_crossing, uniq_prince_ribbit1
D:9:      layout_loops_corners, st_stairs_1, minmay_diced_spiral, uniq_joseph
D:10:     minmay_statue_hallways, layout_loops_corners, minmay_hedge_maze
D:11:     layout_irregular_city, hellmonk_lair_entry_icy, uniq_psyche
D:12:     layout_loops_ring, orc_0_dummy, serial_aquarium,
          aquarium_bridge_square [aquarium_subvault_bridge,
          aquarium_subvault_bridge, aquarium_subvault_wall,
          aquarium_subvault_window], aquarium_bridge_long_joined
          [aquarium_subvault_bridge, aquarium_subvault_bridge,
          aquarium_subvault_wall, aquarium_subvault_balcony,
          aquarium_subvault_bridge, aquarium_subvault_balcony],
          aquarium_window_1, aquarium_window_1, aquarium_window_3,
          aquarium_window_corner, aquarium_view_2c,
          nicolae_tso_swordbearing_angel, uniq_lodul, uniq_jorgrun
Orc:1:    layout_caves, serial_shops, shop_coins

Skill      XL: |  1  2  3  4  5  6  7  8  9 10 11 12 |
---------------+-------------------------------------+-----
Fighting       | 4 5 7 9 10 | 10.8
Axes           | 3 6 7 17 20 21 22 | 22.2
Armour         | 4 5 6 8 9 |  9.7
Shields        | 4 5 |  5.4
Stealth        | 1 |  1.3
Unarmed Combat | 1 |  1.0
Dodging        | |  0.6

Action                     |  1- 3 |  4- 6 |  7- 9 | 10-12 || total
---------------------------+-------+-------+-------+-------++-------
  Melee: War axe           |    94 |    58 |   137 |   713 ||  1002
         Unarmed           |       |       |       |     3 ||     3
 Invoke: Convert to Beogh  |       |       |       |     1 ||     1
         Recall Orcish Fol |       |       |       |     2 ||     2
         Give Item to Name |       |       |       |     1 ||     1
    Use: Scroll            |     4 |       |     6 |    13 ||    23
         Potion            |       |       |     4 |    17 ||    21
   Stab: Confused          |       |       |       |     1 ||     1
 Armour: Plate armour      |    68 |    43 |    46 |   347 ||   504
  Dodge: Dodged            |    30 |    24 |    34 |   192 ||   280
  Block: Buckler           |    20 |    15 |    17 |   105 ||   157
